TOP OF THE 1ST |
Round Rock Express batting - Pitching for Durham Bulls : RHP Jim Averette
|
Pitching: RHP Jim Averette
|
|
Batting: SHB Valentin Laporte
|
0-0: Ball 1-0: Foul Ball, location: 2F 1-1: Ground out 6-3 (Groundball, 6, EV 88.1 MPH)
|
Batting: RHB Zhi-bin Ou-yang
|
0-0: Ball 1-0: Called Strike 1-1: Ball 2-1: Ball 3-1: SOLO HOME RUN (Flyball, 78XD, EV 103.1 MPH), Distance : 409 ft
|
Batting: LHB Josh Cook
|
0-0: Ball 1-0: Ground out 6-3 (Groundball, 4MS, EV 85.0 MPH)
|
Batting: RHB Orlando Suarez
|
0-0: Ball 1-0: Ball 2-0: Called Strike 2-1: SOLO HOME RUN (Flyball, 7D, EV 96.2 MPH), Distance : 368 ft
|
Batting: RHB Luis Villanueva
|
0-0: SINGLE (Groundball, 56D, EV 96.9 MPH)
|
Batting: SHB Isaiah Cherry
|
0-0: Foul Ball, location: 2F 0-1: Foul Ball, location: 2F 0-2: Foul Ball, location: 2F 0-2: Ball 1-2: Ball 2-2: Ground out 6-3 (Groundball, P, EV 82.5 MPH)
|
Top of the 1st over - 2 runs, 3 hits, 0 errors, 1 left on base; Round Rock 2 - Durham 0 |
BOTTOM OF THE 1ST |
Durham Bulls batting - Pitching for Round Rock Express : RHP Aaron Munt
|
Pitching: RHP Aaron Munt
|
|
Batting: LHB Davion Lewis
|
0-0: Called Strike 0-1: Ground out 4-3 (Groundball, 4, EV 81.2 MPH)
|
Batting: RHB Jeff Brower
|
0-0: Ball 1-0: Foul Ball, location: 2F 1-1: Ball 2-1: Ball 3-1: Called Strike 3-2: DOUBLE (Groundball, 5L, EV 105.0 MPH)
|
Batting: RHB Steve French
|
0-0: Ball 1-0: Ball 2-0: Called Strike 2-1: Swinging Strike 2-2: Ground out 2-3 (Groundball, 2L, EV 68.8 MPH) Jeff Brower to third
|
Batting: LHB Bill Armijo
|
0-0: Fly out, F7 (Line Drive, 7, EV 95.6 MPH)
|
Bottom of the 1st over - 0 runs, 1 hit, 0 errors, 1 left on base; Round Rock 2 - Durham 0 |
TOP OF THE 2ND |
Round Rock Express batting - Pitching for Durham Bulls : RHP Jim Averette
|
Batting: RHB Rodolfo Contreras
|
0-0: Ball 1-0: Foul Ball, location: 2F 1-1: Foul Ball, location: 2F 1-2: Ground out 6-3 (Groundball, P, EV 95.0 MPH)
|
Batting: RHB Chris Torlak
|
0-0: Ball 1-0: Swinging Strike 1-1: Ball 2-1: Ball 3-1: Swinging Strike 3-2: Ground out 1-3 (Groundball, 13S, EV 61.9 MPH)
|
Batting: RHB Rick Concha
|
0-0: Ball 1-0: Swinging Strike 1-1: Ball 2-1: Called Strike 2-2: Foul Ball, location: 2F 2-2: Strikes out swinging
|
Top of the 2nd over - 0 runs, 0 hits, 0 errors, 0 left on base; Round Rock 2 - Durham 0 |
BOTTOM OF THE 2ND |
Durham Bulls batting - Pitching for Round Rock Express : RHP Aaron Munt
|
Batting: RHB Nick Sharp
|
0-0: Foul Ball, location: 2F 0-1: Ball 1-1: Ball 2-1: Foul Ball, location: 2F 2-2: Foul Ball, location: 2F 2-2: Foul Ball, location: 2F 2-2: Ball 3-2: Ground out 6-3 (Groundball, 6, EV 83.8 MPH)
|
Batting: RHB Jesse Basich
|
0-0: Ball 1-0: Ground out 5-3 (Groundball, 56, EV 106.9 MPH)
|
Batting: RHB Danny Diaz
|
0-0: Called Strike 0-1: Swinging Strike 0-2: Fly out, F7 (Line Drive, 7, EV 86.9 MPH)
|
Bottom of the 2nd over - 0 runs, 0 hits, 0 errors, 0 left on base; Round Rock 2 - Durham 0 |
TOP OF THE 3RD |
Round Rock Express batting - Pitching for Durham Bulls : RHP Jim Averette
|
Batting: SHB Valentin Laporte
|
0-0: Foul Ball, location: 2F 0-1: Called Strike 0-2: Ball 1-2: Ball 2-2: Ball 3-2: Fly out, F8 (Line Drive, 8RD, EV 97.5 MPH)
|
Batting: RHB Zhi-bin Ou-yang
|
0-0: Ball 1-0: Called Strike 1-1: Ball 2-1: Foul Ball, location: 2F 2-2: Ball 3-2: SINGLE (Groundball, 4S, EV 60.6 MPH) (infield hit)
|
Batting: LHB Josh Cook
|
0-0: Called Strike 0-1: Ball 1-1: Ball 2-1: Called Strike 2-2: Foul Ball, location: 2F 2-2: Strikes out looking
|
Batting: RHB Orlando Suarez
|
0-0: Called Strike 0-1: Fielders Choice at 2nd, 5-4 (Groundball, 56, EV 82.5 MPH)
|
Top of the 3rd over - 0 runs, 1 hit, 0 errors, 1 left on base; Round Rock 2 - Durham 0 |
BOTTOM OF THE 3RD |
Durham Bulls batting - Pitching for Round Rock Express : RHP Aaron Munt
|
Batting: LHB Danny Hull
|
0-0: Ball 1-0: Foul Ball, location: 2F 1-1: Ground out 6-3 (Groundball, 4M, EV 101.2 MPH)
|
Batting: LHB Angel Ruvalcaba
|
0-0: Foul Ball, location: 2F 0-1: Ball 1-1: Ball 2-1: Ground out U3 (Groundball, 34, EV 78.8 MPH)
|
Batting: LHB Davion Lewis
|
0-0: Called Strike 0-1: Ball 1-1: Ball 2-1: Foul Ball, location: 2F 2-2: Strikes out swinging
|
Bottom of the 3rd over - 0 runs, 0 hits, 0 errors, 0 left on base; Round Rock 2 - Durham 0 |
TOP OF THE 4TH |
Round Rock Express batting - Pitching for Durham Bulls : RHP Jim Averette
|
Batting: RHB Luis Villanueva
|
0-0: Called Strike 0-1: Ball 1-1: SOLO HOME RUN (Flyball, 78XD, EV 95.6 MPH), Distance : 383 ft
|
Batting: SHB Isaiah Cherry
|
0-0: Called Strike 0-1: Ball 1-1: Swinging Strike 1-2: Strikes out swinging
|
Batting: RHB Rodolfo Contreras
|
0-0: Called Strike 0-1: Called Strike 0-2: Strikes out looking
|
Batting: RHB Chris Torlak
|
0-0: Foul Ball, location: 2F 0-1: Ball 1-1: Foul Ball, location: 2F 1-2: Fly out, F8 (Flyball, 89M, EV 95.6 MPH)
|
Top of the 4th over - 1 run, 1 hit, 0 errors, 0 left on base; Round Rock 3 - Durham 0 |
BOTTOM OF THE 4TH |
Durham Bulls batting - Pitching for Round Rock Express : RHP Aaron Munt
|
Batting: RHB Jeff Brower
|
0-0: Called Strike 0-1: Ball 1-1: Ball 2-1: Foul Ball, location: 2F 2-2: Foul Ball, location: 2F 2-2: Foul Ball, location: 2F 2-2: Strikes out swinging
|
Batting: RHB Steve French
|
0-0: Called Strike 0-1: Foul Ball, location: 2F 0-2: TRIPLE (Line Drive, 78XD, EV 107.5 MPH)
|
Batting: LHB Bill Armijo
|
0-0: Ball 1-0: Called Strike 1-1: Called Strike 1-2: Ball 2-2: Foul Ball, location: 2F 2-2: Foul Ball, location: 2F 2-2: SINGLE (Flyball, 3D, EV 91.2 MPH) Steve French scores
|
Batting: RHB Nick Sharp
|
0-0: Foul Ball, location: 2F 0-1: Ball 1-1: Ball 2-1: Ball 3-1: Foul Ball, location: 2F 3-2: Base on Balls Bill Armijo to second
|
Batting: RHB Jesse Basich
|
0-0: Ball 1-0: Ball 2-0: Ground out 5-3 (Groundball, 56S, EV 70.0 MPH) Bill Armijo to third Nick Sharp to second
|
Batting: RHB Danny Diaz
|
0-0: Swinging Strike 0-1: Ball 1-1: SINGLE (Line Drive, 7LS, EV 92.5 MPH) Bill Armijo scores Nick Sharp to third Runner from 3rd tries for Home, SAFE, throw by LF to home
|
Batting: LHB Danny Hull
|
0-0: Ball 1-0: Ball 2-0: Fly out, F7 (Flyball, 78S, EV 87.5 MPH)
|
Bottom of the 4th over - 3 runs, 3 hits, 0 errors, 1 left on base; Round Rock 3 - Durham 3 |
TOP OF THE 5TH |
Round Rock Express batting - Pitching for Durham Bulls : RHP Jim Averette
|
Batting: RHB Rick Concha
|
0-0: Ball 1-0: Ball 2-0: Ball 3-0: Base on Balls
|
Batting: SHB Valentin Laporte
|
0-0: Ball 1-0: Ball 2-0: Fly out, F8 (Flyball, 8LS, EV 94.4 MPH)
|
Batting: RHB Zhi-bin Ou-yang
|
0-0: Ball 1-0: Ball 2-0: Foul Ball, location: 2F 2-1: Ball 3-1: Base on Balls Rick Concha to second
|
Batting: LHB Josh Cook
|
0-0: Ball 1-0: Called Strike 1-1: Swinging Strike 1-2: Ball 2-2: Strikes out looking and he ARGUES THE CALL AND IS TOSSED!
|
Batting: RHB Orlando Suarez
|
0-0: Ball 1-0: Ball 2-0: Ball 3-0: Called Strike 3-1: Base on Balls Rick Concha to third Zhi-bin Ou-yang to second
|
Batting: RHB Luis Villanueva
|
0-0: Called Strike 0-1: Foul Ball, location: 2F 0-2: Fly out, F6 (Popup, 56, EV 55.0 MPH)
|
Top of the 5th over - 0 runs, 0 hits, 0 errors, 3 left on base; Round Rock 3 - Durham 3 |
BOTTOM OF THE 5TH |
Durham Bulls batting - Pitching for Round Rock Express : RHP Aaron Munt
|
Now in RF: Jerry Jauregui
|
|
Batting: LHB Angel Ruvalcaba
|
0-0: Ball 1-0: Called Strike 1-1: Ball 2-1: Ball 3-1: Foul Ball, location: 2F 3-2: Foul Ball, location: 2F 3-2: SINGLE (Line Drive, 34, EV 96.9 MPH)
|
Batting: LHB Davion Lewis
|
0-0: Ball 1-0: Called Strike 1-1: Ball 2-1: Ball 3-1: Foul Ball, location: 2F 3-2: Base on Balls Angel Ruvalcaba to second
|
Batting: RHB Jeff Brower
|
0-0: Ball 1-0: Fly out, F8 (Flyball, 8RD, EV 90.0 MPH)
|
Batting: RHB Steve French
|
0-0: Ball 1-0: Ball 2-0: Foul Ball, location: 2F 2-1: Ball 3-1: Base on Balls Angel Ruvalcaba to third Davion Lewis to second
|
Batting: LHB Bill Armijo
|
0-0: Grounds into fielders choice 3-2 (Groundball, 3S, EV 70.6 MPH) Davion Lewis to third Steve French to second
|
Batting: RHB Nick Sharp
|
0-0: Called Strike 0-1: Fielders Choice at 2nd, 6-4 (Groundball, 6, EV 85.0 MPH)
|
Bottom of the 5th over - 0 runs, 1 hit, 0 errors, 3 left on base; Round Rock 3 - Durham 3 |
TOP OF THE 6TH |
Round Rock Express batting - Pitching for Durham Bulls : RHP Jim Averette
|
Batting: SHB Isaiah Cherry
|
0-0: Swinging Strike 0-1: Called Strike 0-2: Foul Ball, location: 2F 0-2: Strikes out swinging
|
Batting: RHB Rodolfo Contreras
|
0-0: Ball 1-0: Called Strike 1-1: Foul Ball, location: 2F 1-2: Strikes out looking
|
Batting: RHB Chris Torlak
|
0-0: Ball 1-0: Called Strike 1-1: Foul Ball, location: 2F 1-2: Ground out 6-3 (Groundball, 6, EV 80.6 MPH)
|
Top of the 6th over - 0 runs, 0 hits, 0 errors, 0 left on base; Round Rock 3 - Durham 3 |
BOTTOM OF THE 6TH |
Durham Bulls batting - Pitching for Round Rock Express : RHP Aaron Munt
|
Batting: RHB Jesse Basich
|
0-0: Ball 1-0: Fly out, F9 (Flyball, 9, EV 70.0 MPH)
|
Batting: RHB Danny Diaz
|
0-0: Called Strike 0-1: Ball 1-1: Swinging Strike 1-2: SINGLE (Groundball, 34S, EV 72.5 MPH) (infield hit)
|
Batting: LHB Danny Hull
|
0-0: SINGLE (Line Drive, 56, EV 110.0 MPH) Danny Diaz to second
|
Batting: LHB Angel Ruvalcaba
|
0-0: Grounds into double play, 6-4-3 (Groundball, 6, EV 91.9 MPH)
|
Bottom of the 6th over - 0 runs, 2 hits, 0 errors, 1 left on base; Round Rock 3 - Durham 3 |
TOP OF THE 7TH |
Round Rock Express batting - Pitching for Durham Bulls : RHP Jim Averette
|
Pitching: RHP Tyler Lybrand
|
|
Pinch Hitting: SHB Dan Tew
|
0-0: Ball 1-0: Ground out 4-3 (Groundball, 4, EV 83.1 MPH)
|
Batting: SHB Valentin Laporte
|
0-0: Called Strike 0-1: Foul Ball, location: 2F 0-2: Fly out, F7 (Flyball, 78M, EV 81.2 MPH)
|
Batting: RHB Zhi-bin Ou-yang
|
0-0: Ball 1-0: SINGLE (Popup, 34D, EV 63.8 MPH)
|
Batting: RHB Jerry Jauregui
|
0-0: Called Strike Zhi-bin Ou-yang steals 2nd base 0-1: Ball 1-1: Ball 2-1: Foul Ball, location: 2F 2-2: Strikes out swinging
|
Top of the 7th over - 0 runs, 1 hit, 0 errors, 1 left on base; Round Rock 3 - Durham 3 |
BOTTOM OF THE 7TH |
Durham Bulls batting - Pitching for Round Rock Express : RHP Aaron Munt
|
Now at 1B: Dan Tew
|
|
Now at 3B: Valentin Laporte
|
|
Now at SS: Chris Torlak
|
|
Batting: LHB Davion Lewis
|
0-0: SINGLE (Groundball, 4M, EV 98.8 MPH) (infield hit)
|
Batting: RHB Jeff Brower
|
0-0: Ball 1-0: Foul Ball, location: 2F 1-1: Ball 2-1: Foul Ball, location: 2F 2-2: Fly out, F8 (Flyball, 8RD, EV 93.8 MPH)
|
Batting: RHB Steve French
|
0-0: Ball 1-0: Called Strike 1-1: Ball 2-1: Ball 3-1: Base on Balls Davion Lewis to second
|
Pitching: RHP Ryan Jones
|
|
Batting: LHB Bill Armijo
|
0-0: Ball 1-0: Called Strike Davion Lewis steals 3rd base 1-1: Ball 2-1: Foul Ball, location: 2F 2-2: SINGLE (Flyball, 34D, EV 86.2 MPH) Davion Lewis scores Steve French to second Runner from 2nd tries for 3rd, SAFE, throw by RF made to third
|
Batting: RHB Nick Sharp
|
0-0: Ball 1-0: Fly out, F8 (Line Drive, 78M, EV 93.1 MPH) Runner from 3rd tags up, SCORES, no throw by CF
|
Batting: RHB Jesse Basich
|
0-0: Ball 1-0: Ball 2-0: Foul Ball, location: 2F 2-1: Ball 3-1: 2-RUN HOME RUN (Line Drive, 7D, EV 98.1 MPH), Distance : 378 ft
|
Batting: RHB Danny Diaz
|
0-0: Ball 1-0: Foul Ball, location: 2F 1-1: Ball 2-1: Fly out, F7 (Flyball, 7LS, EV 72.5 MPH)
|
Bottom of the 7th over - 4 runs, 3 hits, 0 errors, 0 left on base; Round Rock 3 - Durham 7 |
TOP OF THE 8TH |
Round Rock Express batting - Pitching for Durham Bulls : RHP Tyler Lybrand
|
Batting: RHB Orlando Suarez
|
0-0: Called Strike 0-1: Foul Ball, location: 2F 0-2: SOLO HOME RUN (Flyball, 8LXD, EV 105.0 MPH), Distance : 410 ft
|
Batting: RHB Luis Villanueva
|
0-0: Fly out, F2 (Popup, 13S, EV 81.9 MPH)
|
Batting: SHB Isaiah Cherry
|
0-0: Ball 1-0: Swinging Strike 1-1: Ball 2-1: Foul Ball, location: 2F 2-2: Ball 3-2: Base on Balls
|
Batting: RHB Rodolfo Contreras
|
0-0: Ball 1-0: Grounds into double play, 5-4-3 (Groundball, 5S, EV 88.1 MPH)
|
Top of the 8th over - 1 run, 1 hit, 0 errors, 0 left on base; Round Rock 4 - Durham 7 |
BOTTOM OF THE 8TH |
Durham Bulls batting - Pitching for Round Rock Express : RHP Ryan Jones
|
Batting: LHB Danny Hull
|
0-0: Called Strike 0-1: Foul Ball, location: 2F 0-2: Ball 1-2: Ground out U3 (Groundball, 3, EV 86.9 MPH)
|
Batting: LHB Angel Ruvalcaba
|
0-0: Ball 1-0: Ball 2-0: Ball 3-0: Base on Balls
|
Batting: LHB Davion Lewis
|
0-0: Ball 1-0: SINGLE (Line Drive, 8LS, EV 103.8 MPH) Angel Ruvalcaba to second
|
Batting: RHB Jeff Brower
|
0-0: Ball 1-0: Foul Ball, location: 2F 1-1: Ground out 5-3 (Groundball, 56S, EV 61.9 MPH) Angel Ruvalcaba to third Davion Lewis to second
|
Batting: RHB Steve French
|
0-0: Foul Ball, location: 2F 0-1: Ball 1-1: Swinging Strike 1-2: Ball 2-2: Ball 3-2: SINGLE (Line Drive, 4MD, EV 99.4 MPH) Angel Ruvalcaba scores Davion Lewis to third Runner from 3rd tries for Home, SAFE, throw by CF to home
|
Pitching: RHP Marc Duncan
|
|
Batting: LHB Bill Armijo
|
0-0: Foul Ball, location: 2F 0-1: SINGLE (Groundball, 4D, EV 103.1 MPH) Steve French to second Runner from 2nd tries for 3rd, SAFE, no throw by CF
|
Batting: RHB Nick Sharp
|
0-0: Called Strike 0-1: Foul Ball, location: 2F 0-2: Ball 1-2: Ground out 6-3 (Groundball, 56, EV 105.0 MPH)
|
Bottom of the 8th over - 2 runs, 3 hits, 0 errors, 2 left on base; Round Rock 4 - Durham 9 |
TOP OF THE 9TH |
Round Rock Express batting - Pitching for Durham Bulls : RHP Tyler Lybrand
|
Batting: RHB Chris Torlak
|
0-0: Ball 1-0: Ground out 1-3 (Groundball, 13S, EV 67.5 MPH)
|
Batting: SHB Dan Tew
|
0-0: Ball 1-0: Ball 2-0: Called Strike 2-1: Ball 3-1: Base on Balls
|
Batting: SHB Valentin Laporte
|
0-0: Ball 1-0: Ball 2-0: Called Strike 2-1: SINGLE (Line Drive, 89S, EV 104.4 MPH) Dan Tew to second
|
Batting: RHB Zhi-bin Ou-yang
|
0-0: Called Strike 0-1: Ball 1-1: Ball 2-1: Ball 3-1: Called Strike 3-2: Foul Ball, location: 2F 3-2: Base on Balls Dan Tew to third Valentin Laporte to second
|
Pitching: RHP Justin Stone
|
|
Pinch Hitting: SHB Alvare Bairro
|
0-0: Grounds into double play, 5-4-3 (Groundball, 5, EV 85.6 MPH)
|
Top of the 9th over - 0 runs, 1 hit, 0 errors, 2 left on base; Round Rock 4 - Durham 9 |
|